Cogmind - Beta 16 @@@ ROGUE MODE // 2026.01.07 @ 15:16:04 Player: Lunishko Result: Destroyed by 9E-WOB(R) with Subdweller Machine Gun Performance ------------- Evolutions (0) 0 Regions Visited (2) 400 Robots Destroyed (17) 85 Value Destroyed (295) 295 Prototype IDs (2) 40 Alien Tech Used (0) 0 Bonus (0) 0 TOTAL SCORE: 820 Bonus ------- None Cogmind --------- Core Integrity 0/250 Matter 300/300 Energy 160/160 System Corruption 0% Temperature Warm (102) Movement Treading (160) Location -10/Subcaves Parts ------- > --- POWER (1) -------- Light Nuclear Core > --- PROPULSION (2) --- Light Treads > --- UTILITY (2) ------ Signal Interpreter Hacking Suite > --- WEAPON (2) ------- Beam Cannon > --- INVENTORY (5) ---- Small Storage Unit Sensor Array ECM Suite Hacking Suite Battle Cannon Peak State ------------ > --- POWER ------------ Light Nuclear Core > --- PROPULSION ------- Light Treads Light Treads > --- UTILITY ---------- Signal Interpreter Hacking Suite > --- WEAPON ----------- Beam Cannon Light Assault Rifle > --- INVENTORY -------- Small Storage Unit Sensor Array ECM Suite Hacking Suite Mining Laser [Rating: 11] Favorites ----------- Power Light Ion Engine Engine Light Ion Engine Power Core Light Nuclear Core Propulsion Light Treads Treads Light Treads Utility Hacking Suite Device Seismic Detector Storage Small Storage Unit Processor Signal Interpreter Hackware Hacking Suite Weapon Beam Cannon Energy Gun Medium Laser Energy Cannon Beam Cannon Ballistic Gun Assault Rifle Special Weapon Mining Laser Build | -11 -10 -10 ------- Run | Yrd Mat Sub Slots Evolved . | . . . Power . | . . . Propulsion . | . . . Utility . | . . . Weapon . | . . . Parts Attached 19 | 8 11 . Power 5 | 2 3 . Engine 4 | 2 2 . Core 1 | . 1 . Reactor . | . . . Propulsion 2 | 2 . . Treads 2 | 2 . . Leg . | . . . Wheel . | . . . Hover . | . . . Flight . | . . . Utility 5 | 2 3 . Device 1 | 1 . . Storage 1 | 1 . . Processor 2 | . 2 . Hackware 1 | . 1 . Protection . | . . . Artifact . | . . . Weapon 7 | 2 5 . Energy Gun 1 | 1 . . Energy Cannon 3 | . 3 . Ballistic Gun 2 | 1 1 . Ballistic Cannon . | . . . Launcher . | . . . Special Weapon 1 | . 1 . Impact Weapon . | . . . Slashing Weapon . | . . . Piercing Weapon . | . . . Special Melee Weapon . | . . . Unidentified Prototypes . | . . . Parts Lost 2 | . . 2 Power . | . . . Propulsion 1 | . . 1 Utility . | . . . Weapon 1 | . . 1 Highest Loss Streak 2 | . . 2 To Critical Strikes . | . . . Average Backups 5 | 1 5 5 Power . | . . . Propulsion . | . . . Utility 3 | . 4 4 Weapon 1 | . 1 1 Tool/Special . | . . . Unused Backups 6 | . 2 4 Power . | . . . Propulsion . | . . . Utility 4 | . 1 3 Weapon 2 | . 1 1 Tool/Special . | . . . Average Slot Usage (%) 99 | . 99 99 Engine 8 | . 11 . Core 5 | . 2 14 Treads 27 | . 27 27 Storage 5 | . 8 . Processor 7 | . 5 14 Hackware 13 | . 13 14 Energy Gun 2 | . 3 . Energy Cannon 15 | . 16 14 Ballistic Gun 4 | . 6 . Special Weapon 5 | . 1 13 Peak Build Rating 11 | 7 11 11 Average Rating 9 | 5 9 10 On Entrance 6 | . 7 11 Avg Prop Armor Cover (%) . | . . . Naked Turns . | . . . Heaviest Build 14 | 14 14 9 Greatest Support 40 | 40 40 40 Greatest Overweight (x) . | . . . Average Overweight (x) . | . . . Largest Inventory Capacity 8 | 8 8 5 Average Capacity 6 | 7 6 5 Most Carried 8 | 5 8 5 Average Carried 5 | 1 5 4 Final Capacity 8 | 8 5 5 Final Carried 5 | 1 5 5 Class Distribution -------------------- 100% | Mutant Dominant Class ---------------- Mutant | -10/Materials Mutant | -10/Subcaves Resources | -11 -10 -10 ----------- Run | Yrd Mat Sub Matter Collected 516 | 189 317 10 Remotely . | . . . Salvage Created 358 | 19 339 . Parts 32 | 5 27 . Haulers Intercepted . | . . . Recyclers Shooed . | . . . Parts Field Recycled . | . . . Retrieved Matter . | . . . Parts Self-Destructed . | . . . Prevented . | . . . Parts Restored . | . . . Kills | -11 -10 -10 ------- Run | Yrd Mat Sub Combat Hostiles Destroyed 12 | . 12 . Melee 1 | . 1 . Guns 3 | . 3 . Cannons 7 | . 7 . Classes Destroyed 6 | 1 5 . Worker 1 | . 1 . Tunneler 1 | 1 . . Operator 2 | . 2 . Watcher 1 | . 1 . Swarmer 8 | . 8 . Grunt 4 | . 4 . Best Kill Streak 4 | 1 4 . Combat Bots Only 3 | . 3 . Max Kills in Single Turn 2 | 1 2 . Gunslinging . | . . . Exploded . | . . . Melee 1 | . 1 . Uniques/NPCs Destroyed . | . . . Combat | -11 -10 -10 -------- Run | Yrd Mat Sub Hostile Shots Fired 101 | . 90 11 Missed 26 | . 25 1 Hits 75 | . 65 10 Projectile 75 | . 65 10 Critical Strikes 2 | . . 2 Damage Taken 842 | . 589 253 Core 261 | . 152 109 Absorbed by Shields . | . . . Regen/Repaired (Parts) 142 | . 142 . Core Remaining (%) 100 | 100 . . Volleys Fired 73 | 3 57 13 Largest 2 | 2 2 1 Hottest 120 | 70 120 100 Shots Fired 119 | 6 100 13 Gun 47 | 6 41 . Cannon 45 | . 45 . Launcher . | . . . Special 27 | . 14 13 Kinetic 26 | 3 23 . Thermal 93 | 3 77 13 Explosive . | . . . Electromagnetic . | . . . Robot Hit Streak 8 | 3 8 1 Robot Miss Streak 4 | 2 4 . Penetration Max . | . . . Secondary Targets 1 | . 1 . Max Gunslinging Chain 1 | . 1 . Shots Hit Robots 47 | 3 43 1 Core Hits 19 | 2 17 . Critical Kills 1 | . 1 . Critical Parts Destroyed . | . . . Critical Strikes 2 | . 2 . Burn 1 | . 1 . Meltdown 1 | . 1 . Melee Attacks . | . . . Impact . | . . . Slashing . | . . . Piercing . | . . . Sneak Attacks . | . . . Combat Hostiles . | . . . Follow-up Attacks . | . . . Damage Inflicted 761 | 61 676 24 Guns 265 | 37 228 . Cannons 417 | . 417 . Explosions . | . . . Melee . | . . . Ramming 31 | 24 7 . Kinetic 113 | 12 101 . Thermal 617 | 25 568 24 Explosive . | . . . Electromagnetic . | . . . Impact . | . . . Slashing . | . . . Piercing . | . . . Highest Corruption . | . . . Average Corruption . | . . . Corruption Purged . | . . . Corruption Blocked . | . . . Overload Shots . | . . . Overflow Damage 29 | . 29 . Projectiles 29 | . 29 . Explosions . | . . . Melee . | . . . Knockbacks . | . . . Impact . | . . . Kinetic . | . . . Secondary . | . . . Self-Inflicted Damage . | . . . Shots . | . . . Rammed 7 | 4 3 . Targets Rammed 8 | 4 4 . Kicked . | . . . Crushed 1 | . 1 . Highest Temperature 386 | 27 386 252 Average Temperature 85 | 14 86 176 Received Heat Transfer 364 | . 39 325 Effects 5 | . 5 . Shutdowns 2 | . 2 . Interference 2 | . 2 . Damage (minor) 1 | . 1 . Siege Activations . | . . . Martial Activations . | . . . Shielding Activations . | . . . Robots Disrupted . | . . . Combat Hostiles . | . . . Robots Corrupted . | . . . Combat Hostiles . | . . . Parts Fried . | . . . Impact Corruptions . | . . . Robots Melted 1 | . 1 . Combat Hostiles 1 | . 1 . Parts Melted 5 | . 5 . Heat Transferred 1506 | 74 1382 50 Parts Sabotaged . | . . . Parts Stolen . | . . . Parts Stripped . | . . . Power Chain Reactions . | . . . Alert | -11 -10 -10 ------- Run | Yrd Mat Sub Maximum Alert Level . | . . . Low Security (%) 100 | 100 100 . Level 1 . | . . . Level 2 . | . . . Level 3 . | . . . Level 4 . | . . . Level 5 . | . . . High Security . | . . . Max Security . | . . . Peak Influence 140 | 5 140 . Initial . | . . . Average 37 | . 41 . Influence Increases 380 | 5 375 . Destroy 0b10 Robot/C 240 | . 240 . Destroy 0b10 Robot/NC 25 | 5 20 . Destroy Leader 42 | . 42 . Successful Hack 16 | . 16 . Disable Machine 15 | . 15 . Destroy Structure 12 | . 12 . Lose Combat Pursuer 30 | . 30 . Influence Decreases 380 | 5 291 84 Entered New Map 41 | . . 41 Time Decay 339 | 5 291 43 Squads Dispatched 1 | . 1 . Investigation . | . . . Extermination . | . . . Reinforcement 1 | . 1 . Assault . | . . . Garrison . | . . . Intercept . | . . . Searches Triggered . | . . . Construction Impeded . | . . . Haulers Reinforced . | . . . Active Scanning Responses . | . . . Cargo Convoy Interrupts . | . . . Stealth | -11 -10 -10 --------- Run | Yrd Mat Sub Distress Signals 1 | . 1 . Communications Jammed . | . . . Distress Signals . | . . . Times Spotted 29 | . 26 3 Peak Tracking Total 7 | . 7 3 Tactical Retreats 2 | . 2 . Traps | -11 -10 -10 ------- Run | Yrd Mat Sub Traps Triggered 1 | . 1 . Indirectly . | . . . Trap Hack Attempts . | . . . Triggered . | . . . Disarmed . | . . . Reprogrammed . | . . . Reused . | . . . Traps Extracted . | . . . Installed . | . . . Triggered . | . . . Machines | -11 -10 -10 ---------- Run | Yrd Mat Sub Machines Disabled 1 | . 1 . Max in Single Turn 1 | . 1 . Machines Repaired . | . . . Machines Dismantled . | . . . Machines Sabotaged . | . . . Overloaded Fab Kills . | . . . Hacking | -11 -10 -10 --------- Run | Yrd Mat Sub Machines Accessed 7 | . 7 . Terminals 6 | . 6 . Fabricators . | . . . Repair Stations 1 | . 1 . Recycling Units . | . . . Scanalyzers . | . . . Garrison Access . | . . . Total Hacks 20 | . 20 . Successful 13 | . 13 . Failed 7 | . 7 . Catastrophic 2 | . 2 . Database Lockouts . | . . . Manual . | . . . Terminals 15 | . 15 . Fabricators . | . . . Repair Stations 5 | . 5 . Recycling Units . | . . . Scanalyzers . | . . . Garrison Access . | . . . Terminal Hacks 9 | . 9 . Record 3 | . 3 . Prototype ID Bank 1 | . 1 . Emergency Access Points 1 | . 1 . Locate Traps 1 | . 1 . Hauler Manifests 1 | . 1 . Zone Layout 2 | . 2 . Fabricator Hacks . | . . . Repair Station Hacks 4 | . 4 . Scan Component 2 | . 2 . Repair 2 | . 2 . Recycling Unit Hacks . | . . . Scanalyzer . | . . . Garrison Access Hacks . | . . . Unauthorized Hacks . | . . . Terminals . | . . . Fabricators . | . . . Repair Stations . | . . . Recycling Units . | . . . Scanalyzers . | . . . Garrison Access . | . . . Data Cores Recovered 2 | . 2 . Used 1 | . 1 . Hacking Detections 5 | . 5 . Full Trace Events . | . . . Feedback Events . | . . . Feedback Blocked . | . . . Robot Schematics Acquired . | . . . Robots Built . | . . . Authchips . | . . . Time . | . . . Total Robot Build Rating . | . . . Part Schematics Acquired . | . . . Parts Built . | . . . Authchips . | . . . Time . | . . . Total Part Build Rating . | . . . Part Studies Acquired . | . . . Parts Repaired 2 | . 2 . Time 52 | . 52 . Parts Recycled . | . . . Recycled Matter . | . . . Retrieved Matter . | . . . Retrieved Components . | . . . Parts Scanalyzed . | . . . Part Schematics Acquired . | . . . Parts Damaged . | . . . Bothacking | -11 -10 -10 ------------ Run | Yrd Mat Sub Used RIF Installer . | . . . Robots Hacked . | . . . Non-combat . | . . . Combat . | . . . Robot Hacks Applied . | . . . Relay Couplers Released . | . . . Fabnet Peak Effective % . | . . . Robots Rewired . | . . . Allies Hacked . | . . . Hacks Repelled . | . . . Allies | -11 -10 -10 -------- Run | Yrd Mat Sub Total Allies . | . . . Largest Group . | . . . Highest-Rated Group . | . . . Highest-Rated Ally . | . . . Total Orders . | . . . Ally Attacks . | . . . Total Damage . | . . . Kills . | . . . Allies Corrupted . | . . . Allies Melted . | . . . Intel | -11 -10 -10 ------- Run | Yrd Mat Sub Active Infowar (turns) 175 | 58 117 . Seismic 175 | 58 117 . Robot Analysis Total . | . . . Derelict Logs Recovered . | . . . Drone Launches . | . . . Drone Recoveries . | . . . Exploration | -11 -10 -10 ------------- Run | Yrd Mat Sub Turns Passed 2686 | 195 1778 713 Spaces Moved 1411 | 115 953 343 Core 19 | 19 . . Treads 1392 | 96 953 343 Legs . | . . . Wheels . | . . . Hover . | . . . Flight . | . . . Fastest Speed 50 | 50 160 160 Average Speed 158 | 141 160 160 Slowest Speed 160 | 160 160 160 Overloaded Moves . | . . . Propulsion Burnouts . | . . . Robots Hopped . | . . . Potential Cave-ins . | . . . Cave-ins Triggered . | . . . Exploration Rate (%) 43 | 7 96 27 Regions Visited 2 Branch Regions 1 Pre-discovered Areas 1 | . . 1 Known Exits Taken 1 | . 1 . Unknown Exits Taken 1 | 1 . . Scrap Searched . | . . . Spaces Dug 9 | . 9 . Terrain Destroyed 10 | . 10 . Melee . | . . . Projectile 10 | . 10 . AOE . | . . . Terrain Rammed . | . . . Walls Destroyed . | . . . Machines Disabled . | . . . Actions | -11 -10 -10 --------- Run | Yrd Mat Sub Total 1686 | 139 1079 468 Wait 126 | . 18 108 Move 1409 | 114 952 343 Hop . | . . . Pick Up 25 | 9 15 1 Fast Attach 2 | . 2 . Attach 11 | 7 4 . Detach 1 | . 1 . Swap 14 | 1 12 1 Drop 16 | 1 14 1 Fire 73 | 3 57 13 Melee . | . . . Ram . | . . . Kick . | . . . Crush 8 | 4 4 . Escape Stasis . | . . . Rewire 1 | . . 1 Trap . | . . . Miscellaneous . | . . . Route ------- -11/Scrapyard -10/Materials (discovered 6 exits: *Mat x3 / *Min x2 / *Sub) -10/Subcaves History --------- Turn | Location | Event 6 | -11/Scrapyard | Discovered new exit (range 15) 196 | -11/Scrapyard | Entered Materials 286 | -10/Materials | Discovered new exit (range 13) 303 | -10/Materials | Build established: Mutant 344 | -10/Materials | Discovered new exit (range 14) 370 | -10/Materials | Identified exit to Materials 404 | -10/Materials | Repaired Seismic Detector 486 | -10/Materials | Identified exit to Mines 673 | -10/Materials | Discovered exit to Materials (range 4) 1115 | -10/Materials | Discovered exit to Mines (range 10) 1382 | -10/Materials | Repaired Lgt. Treads 1486 | -10/Materials | Discovered new exit (range 9) 1510 | -10/Materials | Identified exit to Subcaves 1610 | -10/Materials | Core integrity fell below 50% 1666 | -10/Materials | Discovered exit to Materials (range 16) 1974 | -10/Materials | Entered Subcaves 1984 | -10/Subcaves | Shifting Twisted Machinery released Sub. Power Source 2010 | -10/Subcaves | Shifting Twisted Machinery released Battle Cannon 2074 | -10/Subcaves | Learned location of Zion (-6) 2074 | -10/Subcaves | Met a Zionite searching for "candidates" 2083 | -10/Subcaves | A swath of the cavern ceiling suddenly collapsed 2672 | -10/Subcaves | A Subdweller sparked back to life 2672 | -10/Subcaves | A Subdweller sparked back to life 2672 | -10/Subcaves | A Subdweller sparked back to life 2677 | -10/Subcaves | Core integrity fell below 20% 2687 | -10/Subcaves | Destroyed by 9E-WOB(R) with Subdweller Machine Gun Last Messages --------------- 02074_ RZ-4ER(z): "Hey you! It's really dangerous down here, I feel that you could die at any moment. For your health and safety might I suggest a trip to Zion?" World map updated: -6/Zion. A swath of the cavern ceiling suddenly collapses. 02671_ Attempting to rewire PY-OX6(R). 02671_ PY-OX6(R) is broken beyond repair. 02672_ PY-OX6(R) creaks and sparks as it begins to move. 02672_ A3-NWW(R) creaks and sparks as it begins to move. 02672_ 9E-WOB(R) creaks and sparks as it begins to move. 02673_ Mining Laser destroyed. 02678_ Lgt. Treads destroyed. 02678_ PY-OX6(R) affixes Scrap Shield Fragment to Scrap Shield. 02682_ Critical hit (Meltdown: +280). Map ----- +----------------------------------------------------+ | ????????????????????????????????????????????????# | | ????????????????????????????????????????????????## | | ?????????????????????????????????????????????????? | | ?????????????????????????????????????????????????? | | ?????????????????????????????????????????????????? | | ?????????????????????????????????????????????????? | | ?????????????????????????????????????????????????? | | ?????????????????????????????????????????????????? | | ?????????????????????????????????????????????????# | | ?????????????????????????????????????????????????# | | ?????????????????????????????????????????????????# | | ?????????????????????????????????????????????????# | | ?????????????????????????????????????????????????# | | ?????????????????????????????????????????######??# | | ??????????????????????????????? ??###??### ??## | | ?????????????????????????????? ## ### ??# | | ???????????????#??????????????? ##### | | ???????????????" ?????????????? ## | | ???????????????? ?????????????? | | ?????????????????# ?????????????? ### | | ????????????????## ??????????????? #??## | | ????????????????? ########????????# #### | | ??????????????????? # ??????????# # | | ????????????????????? #???????###??# | | ??????????????????????? ##?###??# #### | | ????????????????#???????#@ ### #?# | | ????????????????# ?????# ## ## ### | | ????????????????# ????## ## ####?# | | ???????????????## ???# #R ## ####????? | | ???????????????# ??###R ## #???????? | | ??????????????????# "# & ### ##?????? | | ???????????????????# " < ## ## #### | | ???????????????????# # ###### | | ???????????????????# ?#" < #????# | | ???????????????????#???# ##???# ## # | | ???????????????????????# # # ##??## #? #### | | ???????????????????????# #??## ## ####??? | | ??????????????????????# # #?## ###?????? | | ??????????????????????## ### #### #???????? | | ??????????????????????# ## # # #???????? | | ????????????????????? ## #### ##??????? | | ????????????????????####### ### ##??## ##?????? | | ??????????????????????????###??# #????# ##????? | | ???????????????????????????????# #????# #????? | | ???????????????????????????????# ##??## ##????? | | ???????????????????????????????# #### ####?????? | | ???????????????????????????????# ##????????? | | ???????????????????????????????#########?????????? | | ?????????????????????????????????????????????????? | | ?????????????????????????????????????????????????? | +----------------------------------------------------+ Best States ------------- Heat Dissipation 25 Energy Generation 14 Energy Capacity 250 Matter Stores 300 Matter Capacity 300 Sight Range 16 Terrain Scan Density 10 Evasion (%) 50 Recoil Reduction 2 Offensive Hacking 10 Item Schematics ----------------- None Robot Schematics ------------------ None Fabricated ------------ Nothing Repaired ---------- Seismic Detector | 15% | -10/Materials Lgt. Treads | 10% | -10/Materials Studied --------- None Alien Tech Used ----------------- None Achievements -------------- Dynamic Key It's Just You Challenges ------------ None Game ------ Seed StasisDefenseBlasthammer Manual? 0 Play Time 00:23:54 Cumulative 6.9 hours Start 2026.01.07 @ 14:51:29 End 2026.01.07 @ 15:16:04 Sessions 1 Manual Loads 0 Difficulty Rogue Special Mode None Game No. 7 Rogue 7 Adventurer 0 Explorer 0 Win Type - Total 0 Types 0/0/0/0/0/0/0/0/0/0 Lore% 11 Gallery% 6 Achievement% 9 Wizard Run 0 Options --------- Layout 1 ASCII 0 Keyboard 0 Movement Mouse Keybinds 0 Fullscreen 2 Font 48/Proggy Map View 50x35 Zoom Use 0% Tactical HUD 1 Map Filters NONE Filters NONE Steam 1 RUN: 5488387e-91e5-452e-8fd2-4566b709cf4e